 Dungeon Crawl Stone Soup version 0.20-a0-435-gf4ea4dd (webtiles) character file.

71 penismuncher the Insei (level 4, 0/31 HPs)
             Began as an Octopode Monk on Jan 5, 2017.
             Slain by a wyvern skeleton (10 damage)
             ... on level 3 of the Dungeon.
             The game lasted 00:01:00 (1730 turns).

penismuncher the Insei (Octopode Monk)              Turns: 1730, Time: 00:01:01

Health: 0/31       AC:  1    Str: 11    XL:     4   Next: 24%
Magic:  4/4        EV: 14    Int: 12    God:
Gold:   142        SH:  0    Dex: 14    Spells: 3/3 levels left

rFire  . . .     SeeInvis .       - Unarmed
rCold  . . .     Gourm    .     (no shield)
rNeg   . . .     Faith    .     (helmet restricted)
rPois  .         Spirit   .     (no amulet)
rElec  .         Reflect  .     (no ring)
rCorr  .         Harm     .     (no ring)
MR     .....                    (no ring)
Stlth  +++.......               (no ring)
                                (no ring)
                                (no ring)
                                (no ring)
                                (no ring)

@: no status effects
A: almost no armour, stealthy swim, amphibious, 8 rings, constrict 8, camouflage
1, gelatinous body 1
a: no special abilities


You were on level 3 of the Dungeon.
You were hungry.

You visited 1 branch of the dungeon, and saw 3 of its levels.

You collected 142 gold pieces.

Inventory:

Scrolls
 b - a scroll of amnesia {unknown}
 c - 2 scrolls of random uselessness {unknown}
 d - a scroll of recharging {unknown}
 e - a scroll of remove curse {unknown}
 g - a scroll of identify {unknown}
 i - 2 scrolls of teleportation {unknown}
 j - a scroll of enchant weapon {unknown}
 k - a scroll of magic mapping {unknown}
Potions
 h - a potion of curing {unknown}
Comestibles
 a - a bread ration
 f - a meat ration
 l - a beef jerky


   Skills:
 - Level 3.0 Fighting
 - Level 3.0 Dodging
 - Level 2.6 Stealth
 + Level 4.9 Unarmed Combat


You had 3 spell levels left.
You didn't know any spells.

Dungeon Overview and Level Annotations

Branches:
Dungeon (3/15)

Altars:
Cheibriados

Annotations:
D:3 crawdingle's ghost, amateur CeHu


Innate Abilities, Weirdness & Mutations

You cannot wear most types of armour.
You are very stealthy in the water. (Stealth+)
You are amphibious.
You can wear up to eight rings at the same time.
You can use your tentacles to constrict eight enemies at once.
Your skin changes colour to match your surroundings (Stealth+).
Your rubbery body absorbs attacks. (AC +1, EV +1)


Message History

Found a stone staircase leading down.
No target in view!
There is a stone staircase leading down here.
A wyvern skeleton comes into view.
You are feeling hungry.
A wyvern skeleton is nearby!
A wyvern skeleton is nearby!
Crawdingle's ghost (amateur Centaur Hunter) comes into view.
There are monsters nearby!
The helpless wyvern skeleton fails to defend itself.
You bludgeon the wyvern skeleton!
The wyvern skeleton is moderately damaged.
The wyvern skeleton bites you! The wyvern skeleton bites you.
* * * LOW HITPOINT WARNING * * *
Crawdingle's ghost turns its malevolent gaze towards you.
There are monsters nearby!
You are too injured to fight recklessly!
There are monsters nearby!
The wyvern skeleton bites you!
You die...

.......# #.# .#
.#..##.# # #.#..#
....≈≈≈## #.
#.#..# ...≈≈≈≈≈##
#.##.#..#
...≈≈†≈≈_#
#.......#
...≈≈≈≈≈##
#.......#
..#.≈≈≈#... #.#
..###### ...
####.#### ..# ##
#.@ZW...# #.#
#.##.##.# #.###
#....# # ....#
#..### #.#.#
#.>####.# #.#†###
#.......# #.[...#
########.######
###.#.###........#
#.#.....########


You could see crawdingle's ghost and a wyvern skeleton.

Vanquished Creatures
  2 adders (D:2)
  A worm (D:2)
  2 dart slugs
  4 orcs (D:3)
  4 ball pythons
  2 bats (D:2)
  A giant cockroach (D:2)
  4 goblins
  4 hobgoblins
  4 jackals (D:2)
  2 quokkas (D:2)
  2 frilled lizards
  5 kobolds
  2 rats
39 creatures vanquished.

Notes
Turn   | Place    | Note
-------+----------+-------------------------------------------
     0 | D:1      | penismuncher the Octopode Monk began the quest for the Orb.
     0 | D:1      | Reached XP level 1. HP: 16/16 MP: 1/1
   319 | D:1      | Reached XP level 2. HP: 15/21 MP: 2/2
   632 | D:2      | Reached skill level 4 in Unarmed Combat
   935 | D:2      | Reached XP level 3. HP: 26/26 MP: 3/3
  1629 | D:3      | Reached XP level 4. HP: 25/31 MP: 4/4
  1662 | D:3      | Found a snail-covered altar of Cheibriados.
  1725 | D:3      | Noticed crawdingle's ghost (amateur CeHu)
  1730 | D:3      | Slain by a wyvern skeleton

Vault maps used:
D:1:      scummos_arrival_forest
D:2:      lemuel_upstairs_altar
D:3:      kennysheep_slug_shrine, grunt_temple_overflow_open

Skill      XL: |  1  2 |
---------------+-------+-----
Unarmed Combat | 4 |  4.9
Fighting       | |  3.0
Dodging        | |  3.0
Stealth        | |  2.6

Action                   |  1- 3 |  4- 6 || total
-------------------------+-------+-------++-------
Melee: Unarmed           |    73 |    11 ||    84
       Constrict         |    19 |     4 ||    23
       Tentacles         |    11 |     3 ||    14
       Punch             |     3 |     1 ||     4
 Stab: Sleeping          |     9 |     3 ||    12
       Distracted        |     1 |       ||     1
  Eat: Royal jelly       |     1 |       ||     1
Armor: Skin              |     3 |       ||     3
Dodge: Dodged            |    48 |     3 ||    51
